 Dungeon Crawl Stone Soup version 0.27.1-4-g1640c2035a (webtiles) character file.

Game seed: 16381863879275930662

170 tizbic2 the Shield-Bearer (level 5, -1/41 HPs)
             Began as a Djinni Fighter on Nov 14, 2021.
             Slain by an orc priest (6 damage)
             ... on level 3 of the Dungeon.
             The game lasted 00:13:34 (2489 turns).

tizbic2 the Shield-Bearer (Djinni Fighter)          Turns: 2489, Time: 00:13:35

Health: -1/41      AC:  5    Str: 15    XL:     5   Next: 80%
Gold:   35         EV: 10    Int: 10    God:
                   SH:  5    Dex: 13

rFire    + + .     SeeInvis .   a - +0 long sword
rCold    x . .     Faith    .   b - +0 buckler
rNeg     . . .     Spirit   .   e - +0 ring mail
rPois    ∞         Reflect  .   (no helmet)
rElec    .         Harm     .   (no cloak)
rCorr    .         Rampage  .   (no gloves)
Will     .....                  (boots unavailable)
Stlth    +.........             (no amulet)
HPRegen  0.13/turn              (no ring)
MPRegen  0.00/turn              (no ring)

@: flying
A: sickness immunity, fire resistance 2, cold vulnerability 1, float, innate
caster, hp casting, extra vitality 1
a: no special abilities


You were on level 3 of the Dungeon.
You visited 1 branch of the dungeon, and saw 3 of its levels.

You collected 35 gold pieces.

Inventory:

Hand Weapons
 a - a +0 long sword (weapon)
Missiles
 h - 93 stones (quivered)
 o - 8 boomerangs of dispersal
Armour
 b - a +0 buckler (worn)
 c - a +0 kite shield
 e - a +0 ring mail (worn)
 n - a +0 chain mail
Jewellery
 i - an amulet of faith
Scrolls
 f - a scroll of blinking {unknown}
 g - a scroll of fear {unknown}
 k - a scroll of noise {unknown}
 m - a scroll of teleportation {unknown}
 q - a scroll of immolation {unknown}
 r - a scroll of enchant weapon {unknown}
Potions
 l - a potion of curing {unknown}


   Skills:
 + Level 3.7 Fighting
 + Level 2.5 Long Blades
 * Level 3.7 Armour
 + Level 4.0 Shields
 + Level 1.3 Spellcasting


You had 3 spell levels left.
You knew the following spells:

 Your Spells              Type           Power      Damage    Failure   Level
a - Sandblast             Erth           6%         2d5       36%         1
b - Searing Ray           Conj           6%         3d3       50%         2
Your spell library was empty.

Dungeon Overview and Level Annotations

Branches:
Dungeon (3/15)

Altars:


Innate Abilities, Weirdness & Mutations

You are immune to sickness and miasma.
You are immune to poison.
Your flesh is very heat resistant. (rF++)
You are vulnerable to cold. (rC-)
You float through the air rather than walking.
You learn spells naturally, not from books.
Your magical power is your life essence.
You have superior vitality. (+4 HP)


Message History

You slash the endoplasm!
You kill the endoplasm!
The orc priest begins to cast a cantrip, but forgets the words!
You closely miss the goblin.
The goblin zaps a wand.
You resist with some effort.
You barely miss the goblin. You block the goblin's attack. x2
You completely miss the goblin. The goblin hits you with a +0 club.
You barely miss the goblin.
The goblin zaps a wand.
You suddenly lose the ability to move!
The goblin hits you with a +0 club.
The orc priest invokes the aid of Beogh against you.
Beogh smites you! The goblin hits you with a +0 club.
The goblin hits you but does no damage. The goblin hits you with a +0 club.
You can move again.
You closely miss the goblin. You block the goblin's attack.
The goblin zaps a wand.
You resist with some effort.
You hit the goblin.
The goblin is heavily wounded.
The goblin hits you with a +0 club.
You barely miss the goblin.
The goblin is heavily wounded.
The goblin zaps a wand.
You resist with some effort.
You hit the goblin.
You kill the goblin!
You closely miss the orc priest.
The orc priest miscasts a cantrip.
The orc priest closely misses you.
You closely miss the orc priest.
The orc priest hits you with a +2 whip of electrocution.
* * * LOW HITPOINT WARNING * * *
You hit the orc priest.
The orc priest is lightly wounded.
The orc priest hits you with a +2 whip of electrocution.
* * * LOW HITPOINT WARNING * * *
You barely miss the orc priest.
The orc priest is lightly wounded.
The orc priest hits you with a +2 whip of electrocution.
You die...

,***,*,,,,,,,,* ##.###
,,,,,*,,,,,,#.* #.#
,*,*,,,,,,,,#.* #.#
,,,,,,,,,,,,#.* ###.#
,,,,,,,,,,,,#.* #...#
,,,,,,,,,,,*#.* #.###
*****,,*****#.* #.#
*****,,.#####.##########.##
,,,,,,,........o@......#..#
,*****,........#######.##.#
,* *,,,#.......# #.##.#
,***,**....###.# #.##.#
,,,,,*#....# #.# #.##.#
***#.,,....# #.# #.##.#
,,,+..,....# #.# #.##.#
***#..,....#*#.# #.##.#
...,.......,,,,* #.##.#


You could see an orc priest.

Vanquished Creatures
  An orc priest (D:3)
  Jessica (D:2)
  An orc wizard (D:3)
  2 adders
  An adder skeleton (D:2)
  A worm (D:2)
  5 orcs
  2 ball pythons
  6 bats
  8 endoplasms
  2 giant cockroaches (D:2)
  8 goblins
  5 hobgoblins
  4 jackals (D:1)
  3 frilled lizards (D:2)
  2 kobolds
  2 rats (D:2)
54 creatures vanquished.

Vanquished Creatures (others)
  11 demonic plants (D:1)
  12 fungi (D:1)
  13 plants (D:1)
  4 withered plants (D:1)
40 creatures vanquished.

Grand Total: 94 creatures vanquished

Notes
Turn   | Place    | Note
-------+----------+-------------------------------------------
     0 | D:1      | tizbic2 the Djinni Fighter began the quest for the Orb.
     0 | D:1      | Reached XP level 1. HP: 20/20 MP: 0/0
    64 | D:1      | Reached XP level 2. HP: 23/25 MP: 0/0
   228 | D:1      | Found a faded altar of an unknown god.
   843 | D:2      | Reached XP level 3. HP: 30/30 MP: 0/0
   843 | D:2      | Learned a level 1 spell: Sandblast
  1190 | D:2      | Reached XP level 4. HP: 35/35 MP: 0/0
  1331 | D:2      | Noticed Jessica
  1603 | D:3      | Reached skill level 1 in Spellcasting
  1766 | D:2      | Killed Jessica
  1767 | D:2      | Reached skill level 4 in Shields
  1767 | D:2      | Reached XP level 5. HP: 24/40 MP: 0/0
  1767 | D:2      | Learned a level 2 spell: Searing Ray
  1958 | D:2      | You are sucked into a shaft and drop 1 floor!
  2477 | D:3      | Paralysed by a goblin for 5 turns
  2489 | D:3      | Slain by an orc priest

Illustrated notes

Levels and vault maps discovered:
D:1:      minmay_arrival_five_plusses, layout_basic,
          shapermc_ecumenical_altar_gd, amethyst_killhole, interstate_on_off,
          chequers_serial_rivers_small_3
D:2:      layout_loops_cross, kennysheep_nondescript, minmay_indecisive_spiral,
          uniq_jessica
D:3:      minmay_octagon_keep, layout_basic

Skill      XL: |  1  2  3  4 |
---------------+-------------+-----
Long Blades    | 2 |  2.5
Spellcasting   | 1 |  1.3
Shields        | 4 |  4.0
Fighting       | |  3.7
Armour         | |  3.7

Action                   |  1- 3 |  4- 6 || total
-------------------------+-------+-------++-------
Melee: Long sword        |   135 |    82 ||   217
Throw: Stone             |     3 |       ||     3
  Use: Potion            |       |     2 ||     2
       Scroll            |       |     1 ||     1
Armor: Scale mail        |    12 |       ||    12
       Ring mail         |    32 |    11 ||    43
       Chain mail        |     2 |    22 ||    24
Dodge: Dodged            |    31 |    25 ||    56
Block: Kite shield       |    62 |    17 ||    79
       Buckler           |       |    12 ||    12
       Rpst.: Long sword |    14 |     4 ||    18
